 Seeded DCSS version 0.28-a0-1567-g1695149f81 (webtiles) character file.

Game seed: 154 (custom seed)

1050 knot the Chopper (level 8, 54/58 HPs)
             Began as a Demonspawn Berserker on Jan 19, 2022.
             Was a Priest of Trog.
             Quit the game on level 5 of the Dungeon.
             The game lasted 00:05:01 (4516 turns).

knot the Chopper (Demonspawn Berserker)             Turns: 4516, Time: 00:05:02

Health: 54/58      AC: 14    Str: 19    XL:     8   Next: 5%
Magic:  8/8        EV: 14    Int: 10    God:    Trog [***...]
Gold:   206        SH:  0    Dex: 18    Spells: 7/7 levels left

rFire   . . .      SeeInvis .   j - +7 staff of the Meek {protect, meekguard}
rCold   . . .      Faith    .   (shield currently unavailable)
rNeg    . . .      Spirit   .   n - +0 robe {Will+}
rPois   .          Reflect  .   q - +2 helmet
rElec   .          Harm     .   k - +0 cloak
rCorr   .          Rampage  .   (no gloves)
Will    +....                   h - +0 pair of boots
Stlth   ++........              (no amulet)
HPRegen 0.19/turn               s - +6 ring of dexterity
MPRegen 0.11/turn               (no ring)

@: under a protective aura
A: claws 2, repulsion field 1, powered by death 1, demonic magic 1
a: Renounce Religion, Berserk, Trog's Hand


You were on level 5 of the Dungeon.
You worshipped Trog.
Trog was most pleased with you.
You visited 1 branch of the dungeon, and saw 5 of its levels.

You collected 206 gold pieces.

Inventory:

Hand Weapons
 a - a +0 hand axe
 j - the +7 staff of the Meek (weapon) {protect, meekguard}
   (You found it on level 2 of the Dungeon)

   It grants its wielder temporary protection when it strikes (+7 to AC).
   It provides extra protection to wielders with little health.
Missiles
 f - 107 stones
 l - 3 boomerangs (quivered)
Armour
 h - a +0 pair of boots (worn)
 k - a +0 cloak (worn)
 n - a +0 robe of willpower (worn)
 q - a +2 helmet (worn)
Jewellery
 s - a +6 ring of dexterity (left claw)
Scrolls
 b - a scroll of blinking {unknown}
 c - 4 scrolls of identify {unknown}
 e - a scroll of fog {unknown}
 g - a scroll of enchant armour {unknown}
 i - a scroll of fear {unknown}
 r - a scroll of teleportation {unknown}
Potions
 d - 3 potions of curing {unknown}
 m - a potion of cancellation {unknown}
 o - a potion of heal wounds {unknown}
 p - a potion of ambrosia {unknown}


   Skills:
 - Level 3.0 Fighting
 * Level 7.2 Axes
 * Level 5.2 Throwing
 - Level 1.7 Armour
 - Level 1.7 Dodging


You had 7 spell levels left.
You didn't know any spells.
Your spell library was empty.

Dungeon Overview and Level Annotations

Branches:
Dungeon (5/15)             Temple (0/1) D:4

Altars:
Yredelemnul

Shops:
D:4 *


Innate Abilities, Weirdness & Mutations

You have very sharp fingernails.
You are surrounded by a mild repulsion field. (EV +2)
You regenerate a little health from kills.
Spells you cast may paralyse adjacent enemies.


Message History

The yak is moderately wounded.
The yak gores you!
The yak bellows!
You sock the yak!
The yak is heavily wounded.
The yak barely misses you. The yak completely misses you.
You sock the yak!
The yak is almost dead.
The yak barely misses you. The yak gores you but does no damage.
The yak misses you.
You sock the yak!
You kill the yak!
Trog accepts your kill. The yak completely misses you.
The yak closely misses you.
Your Axes skill increases to level 7!
You sock the yak!
The yak is moderately wounded.
The yak misses you.
You hit the yak.
The yak is moderately wounded.
The yak gores you but does no damage.
You sock the yak!
The yak is moderately wounded.
You thump the yak!
The yak is heavily wounded.
The yak misses you.
You thump the yak!
The yak is severely wounded.
The yak barely misses you. The yak completely misses you.
You hit the yak.
The yak is severely wounded.
The yak completely misses you.
You sock the yak!
You kill the yak!
Trog accepts your kill.
Your Throwing skill increases to level 5!
You have reached level 8!
You feel stronger.
Your demonic ancestry asserts itself...
A menacing aura infuses your magic.
Are you sure you want to abandon this character and quit the game? (Confirm with "yes".)

##.# .### ...
..). #.# #..##
#.#+#....#
#........#
#........#
###........#
#..<#.#+##..
#.#.#@#.#
#.#.#Y#.###.#.
# #.#.........
#.#...!##.#.
#.#$......
#...........
..........#.
#########.# .#


You could see a yak.

Vanquished Creatures
  Sigmund (D:3)
  2 yaks (D:5)
  A black bear (D:4)
  An ogre (D:4)
  A phantom (D:4)
  A bullfrog (D:4)
  A hound (D:4)
  Natasha (twice) (D:3)
  An iguana (D:4)
  An orc wizard (D:3)
  A hound skeleton (D:4)
  3 adders
  A gnoll (D:2)
  An ufetubus (D:4)
  An adder skeleton (D:4)
  2 worms
  2 dart slugs
  10 orcs
  5 ball pythons
  3 endoplasms
  4 giant cockroaches
  7 goblins
  5 hobgoblins
  15 jackals
  6 kobolds
  A quokka (D:4)
  4 bats
  2 frilled lizards
  5 rats
90 creatures vanquished.

Vanquished Creatures (others)
  2 plants (D:1)
2 creatures vanquished.

Grand Total: 92 creatures vanquished

Notes
Turn   | Place    | Note
-------+----------+-------------------------------------------
     0 | D:1      | knot the Demonspawn Berserker began the quest for the Orb.
     0 | D:1      | Reached XP level 1. HP: 18/18 MP: 1/1
    19 | D:1      | Found a faded altar of an unknown god.
   367 | D:1      | Reached skill level 3 in Axes
   791 | D:1      | Gained mutation: You regenerate a little health from kills.
                  | [demonic ancestry]
   791 | D:1      | Reached XP level 2. HP: 22/24 MP: 2/2
  1666 | D:2      | Reached skill level 4 in Axes
  1666 | D:2      | Reached XP level 3. HP: 15/29 MP: 3/3
  2420 | D:2      | Reached ** piety under Trog
  2500 | D:2      | Gained mutation: You have sharp fingernails. [demonic
                  | ancestry]
  2500 | D:2      | Reached XP level 4. HP: 25/35 MP: 4/4
  2787 | D:2      | Found the +7 staff of the Meek {protect, meekguard}
  2985 | D:3      | Noticed Natasha
  3015 | D:3      | HP: 1/35 [white imp/puff of frost[Natasha] (13)]
  3456 | D:3      | Noticed Sigmund
  3459 | D:3      | Found a basalt altar of Yredelemnul.
  3467 | D:3      | Killed Sigmund
  3468 | D:3      | Reached skill level 5 in Axes
  3468 | D:3      | Reached XP level 5. HP: 41/41 MP: 5/5
  3494 | D:3      | Gained mutation: You are surrounded by a mild repulsion
                  | field. (EV +2) [demonic ancestry]
  3494 | D:3      | Reached XP level 6. HP: 44/47 MP: 6/6
  3637 | D:3      | Killed Natasha
  3757 | D:3      | Noticed Natasha
  3765 | D:3      | Killed Natasha
  4018 | D:4      | Reached *** piety under Trog
  4081 | D:4      | Reached skill level 6 in Axes
  4084 | D:4      | Gained mutation: You have very sharp fingernails. [demonic
                  | ancestry]
  4084 | D:4      | Reached XP level 7. HP: 52/52 MP: 7/7
  4293 | D:4      | Found a staircase to the Ecumenical Temple.
  4430 | D:4      | Found Luask's Elemental Accessories.
  4495 | D:5      | Entered Level 5 of the Dungeon
  4498 | D:5      | Noticed a yak
  4500 | D:5      | Noticed a yak
  4500 | D:5      | Noticed a yak
  4506 | D:5      | Killed a yak
  4507 | D:5      | Reached skill level 7 in Axes
  4515 | D:5      | Killed a yak
  4516 | D:5      | Reached skill level 5 in Throwing
  4516 | D:5      | Gained mutation: Spells you cast may paralyse adjacent
                  | enemies. [demonic ancestry]
  4516 | D:5      | Reached XP level 8. HP: 54/58 MP: 8/8
  4516 | D:5      | Quit the game

Illustrated notes

Levels and vault maps discovered:
D:1:      roderic_chinese_lattice_arrival, layout_basic,
          hellmonk_ecumenical_altar_zigzags, serial_bayou_crossing
D:2:      layout_basic, st_stairs_9, kennysheep_generic_room_4
D:3:      layout_loops_cross, mainiacjoe_overflow_small_starburst, uniq_sigmund,
          uniq_natasha
D:4:      layout_rooms, minmay_temple_entry_glass, nicolae_elemental_shop
D:5:      layout_basic, gammafunk_ghost_split, serial_shops,
          nicolae_shop_bloodbath_and_beyond, patterned_corridor, uniq_duvessa

Skill      XL: |  1  2  3  4  5  6  7 |
---------------+----------------------+-----
Axes           | 3 4 5 6 7 |  7.2
Throwing       | 2 3 5 |  5.2
Fighting       | |  3.0
Armour         | |  1.7
Dodging        | |  1.7

Action                   |  1- 3 |  4- 6 |  7- 9 || total
-------------------------+-------+-------+-------++-------
Melee: Hand axe          |   115 |     6 |       ||   121
       Quarterstaff      |       |   111 |    45 ||   156
       Unarmed           |       |     2 |       ||     2
Throw: Boomerang         |       |     8 |       ||     8
Invok: Berserk           |     3 |     1 |       ||     4
Armor: Animal skin       |    34 |    27 |       ||    61
       Robe              |       |    36 |    13 ||    49
Dodge: Dodged            |    70 |   115 |    34 ||   219

Table legend: (Time is in decaauts)
 A = Elapsed time spent in this place.
 B = Non-inter-level travel time spent in this place.
 C = Inter-level travel time spent in this place.
 D = Time resting spent in this place.
 E = Time spent auto-exploring this place.
 F = Levels seen in this place.
 G = Mean time per level.
                   A        B        C        D        E       F      G
               +--------+--------+--------+--------+--------+-----+--------+
         Total |   4615 |   4480 |    135 |   1130 |   2653 |   5 |  923.0 |
       Dungeon |   4615 |   4480 |    135 |   1130 |   2653 |   5 |  923.0 |
               +--------+--------+--------+--------+--------+-----+--------+

Top non-repeatable levels by time:
     D:2: 1769 daAuts
     D:1: 1433 daAuts
     D:3: 843 daAuts
     D:4: 545 daAuts
     D:5: 24 daAuts
